 Dungeon Crawl Stone Soup version 0.31-a0-971-g75a2e9a4b4 (webtiles) character file.

Game seed: 5649937593785555387

1806 Getoffmy the Chopper (level 8, -7/69 HPs)
             Began as a White Draconian Shapeshifter on Oct 28, 2023.
             Mangled by Duvessa
             ... wielding a +0 rapier of venom
              (10 damage)
             ... on level 7 of the Dungeon.
             The game lasted 00:10:46 (4924 turns).

Getoffmy the Chopper (White Draconian Shapeshifter) Turns: 4924, Time: 00:10:48

Health: -7/69      AC:  6    Str: 19    XL:     8   Next: 84%
Magic:  8/8        EV: 18    Int: 11    God:
Gold:   335        SH:  0    Dex: 10    Spells: 7/7 levels left

rFire   . . .        i - +0 broad axe
rCold   + . .        u - orb {light}
rNeg    . . .        (body armour unavailable)
rPois   .            l - melded +0 hat
rElec   .            B - melded +0 cloak
rCorr   .            t - melded +0 pair of gloves "Abureg" {Stlth+}
SInv    .            (boots currently unavailable)
Will    .....        q - amulet of the acrobat
Stlth   +            z - +5 ring of evasion
HPRegen 0.31/turn    (no ring)
MPRegen 0.11/turn

%: acrobat
@: lethally poisoned (-7 -> -24), beast-form, glowing
A: beast (slay +3), breathe frost, AC +6, unfitting armour, cold resistance 1,
cold-blooded
a: Breathe Frost, Begin Untransformation


You were on level 7 of the Dungeon.
You were a hulking beast.
You visited 1 branch of the dungeon, and saw 7 of its levels.

You collected 335 gold pieces.

Inventory:

Hand Weapons
 i - a +0 broad axe (weapon)
Missiles
 s - 21 poisoned darts
 y - a throwing net
Armour
 l - a +0 hat (melded)
 t - the +0 pair of gloves "Abureg" (melded) {Stlth+}
   (You found it on level 4 of the Dungeon)

   Stlth+:    It makes you more stealthy.
 u - an orb of light (worn)
 v - a +0 tower shield
 B - a +0 cloak (melded)
Jewellery
 q - an amulet of the acrobat (around neck)
 z - a +5 ring of evasion (left hand)
Talismans
 b - a beast talisman (active)
 c - a flux talisman
 h - a talisman of death
 o - a maw talisman
Scrolls
 d - a scroll of blinking {unknown}
 e - 7 scrolls of identify {unknown}
 f - a scroll of summoning {unknown}
 g - 3 scrolls of fog {unknown}
 j - a scroll of fear {unknown}
 k - 2 scrolls of noise {unknown}
 p - 4 scrolls of teleportation {unknown}
 r - a scroll of immolation {unknown}
 w - a scroll of acquirement {unknown}
 F - a scroll of poison {unknown}
 G - a scroll of vulnerability {unknown}
Potions
 a - 2 potions of lignification
 m - a potion of heal wounds
 n - a potion of degeneration {unknown}
 x - 3 potions of enlightenment {unknown}
 A - 2 potions of curing {unknown}
 C - a potion of brilliance {unknown}
 D - a potion of haste {unknown}
 E - 2 potions of might {unknown}


   Skills:
 + Level 5.5 Fighting
 * Level 7.0 Axes
 + Level 4.9 Dodging
 - Level 3.3 Unarmed Combat
 + Level 5.5 Shapeshifting


You had 7 spell levels left.
You didn't know any spells.
Your spell library contained the following spells:

 Spells                   Type           Power      Damage    Failure   Level
 Apportation              Tloc           0%         N/A       34%         1
 Necrotise                Necr           0%         1d4       34%         1
 Summon Small Mammal      Summ           0%         N/A       34%         1
 Blink                    Tloc           0%         N/A       47%         2
 Lesser Beckoning         Tloc           0%         N/A       47%         2
 Momentum Strike          Conj/Tloc      0%         3d8       47%         2
 Sublimation of Blood     Necr           0%         N/A       47%         2
 Dazzling Flash           Conj/Hex       0%         N/A       71%         3
 Ignite Poison            Fire/Tmut/Pois 0%         N/A       71%         3
 Ozocubu's Armour         Ice            0%         N/A       71%         3
 Petrify                  Tmut/Erth      0%         N/A       98%         4
 Sticky Flame             Conj/Fire      0%         2d3       98%         4
 Agony                    Necr           0%         N/A       100%        5
 Irradiate                Conj/Tmut      0%         3d11      100%        5
 Silence                  Hex/Air        0%         N/A       100%        5
 Ozocubu's Refrigeration  Ice            0%         4d7       100%        7
 Ignition                 Fire           0%         3d3       100%        8


Dungeon Overview and Level Annotations

Branches:
Dungeon (7/15)
 Temple: D:4-7

Altars:
Makhleb
Ru
Wu Jian

Annotations:
D:7 Duvessa


Innate Abilities, Weirdness & Mutations

You are a hulking beast.
Your limbs bulge with bestial killing power. (Slay +3)
You can breathe waves of freezing cold which knock back foes.
Your icy white scales are hard. (AC +6)
You cannot fit into any form of body armour.
Your flesh is cold resistant. (rC+)
You are cold-blooded and may be slowed by cold attacks.


Message History

You feel very sick. Duvessa misses you. Dowan misses you.
You barely miss Dowan. You tail-slap Dowan, but do no damage.
Dowan is moderately wounded.
You slash Duvessa!
You feel very sick.
Duvessa hits you with a +0 rapier of venom.
Dowan smirks and points a slender finger.
Dowan hits you with a +0 dagger.
You slash Dowan!
Dowan is almost dead.
You hit Duvessa but do no damage.
You feel sick.
Duvessa hits you with a +0 rapier of venom!
You are more poisoned.
Dowan points at you and mumbles some strange words.
The puff of flame hits you.
You completely miss Duvessa. You tail-slap Duvessa.
Duvessa is heavily wounded.
You barely miss Dowan.
You feel very sick. Duvessa closely misses you. Dowan barely misses you.
You hit Duvessa. You tail-slap Duvessa.
Duvessa is almost dead.
You hit Dowan.
You kill Dowan!
Duvessa screams, "No!
How DARE you!"
Duvessa goes berserk!
You feel very sick.
Duvessa hits you with a +0 rapier of venom!
* * * LOW HITPOINT WARNING * * *
You are more poisoned.
Duvessa closely misses you.
Your Axes skill increases to level 7!
You hit Duvessa.
You tail-slap Duvessa, but do no damage.
Duvessa is almost dead.
* * * LOW HITPOINT WARNING * * *
You feel extremely sick.
Duvessa hits you with a +0 rapier of venom!
You die...

####..#. .#..#.
#..##.##..#. #
#...#.#...#. . #.
#.........#.
..#.##########.......##.
...........##[..........
............#...#.#...#.
......)........##.##..#.
......)h...##..#...#..#.
......e....##.## .##.#.
...........##.# #.#.
#.......?..##.# #.#.
#..........##.# #.#.
#$#.#########.# #.#.
.... #.# #.#. .#
########.## ##...
..........#####...#


You could see Duvessa (berserk).

Vanquished Creatures
  Prince Ribbit (D:5)
  Menkaure (D:4)
  A water moccasin (D:7)
  3 ogres (D:5)
  3 centaurs
  A phantom (D:5)
  A bullfrog (D:6)
  2 scorpions (D:6)
  Dowan (D:7)
  A jelly (D:6)
  5 hounds
  A sleepcap (D:5)
  3 iron imps (D:3)
  3 iguanas
  2 orc wizards
  5 adders
  A gnoll (D:5)
  A shadow imp (D:5)
  2 white imps
  3 worms
  8 orcs
  3 ball pythons
  6 endoplasms
  5 giant cockroaches
  6 goblins
  8 hobgoblins
  3 jackals (D:3)
  9 kobolds
  4 quokkas
  5 bats
  7 rats
105 creatures vanquished.

Notes
Turn   | Place    | Note
-------+----------+-------------------------------------------
     0 | D:1      | Getoffmy the Draconian Shapeshifter began the quest for the
                  | Orb.
     0 | D:1      | Reached XP level 1. HP: 16/16 MP: 1/1
   104 | D:1      | Reached XP level 2. HP: 12/23 MP: 2/2
   870 | D:2      | Reached XP level 3. HP: 29/29 MP: 3/3
  1173 | D:2      | Reached skill level 1 in Axes
  1438 | D:2      | You fall into a shaft and drop 2 floors!
  1443 | D:4      | Noticed Menkaure
  1452 | D:4      | Killed Menkaure
  1453 | D:4      | Reached skill level 2 in Axes
  1453 | D:4      | Reached XP level 4. HP: 4/37 MP: 4/4
  1453 | D:4      | Reached XP level 5. HP: 4/42 MP: 5/5
  1619 | D:4      | Identified the +0 pair of gloves "Abureg" {Stlth+}
  2291 | D:3      | Reached skill level 3 in Axes
  2620 | D:3      | Found a burning altar of Makhleb.
  2646 | D:3      | Reached XP level 6. HP: 44/51 MP: 6/6
  3006 | D:5      | Entered Level 5 of the Dungeon
  3307 | D:5      | Found an ornate altar of the Wu Jian Council.
  3363 | D:5      | Reached skill level 4 in Axes
  3368 | D:5      | Your scales start taking on an icy white colour.
  3368 | D:5      | Reached XP level 7. HP: 58/58 MP: 7/7
  3368 | D:5      | Gained mutation: Your flesh is cold resistant. (rC+) [White
                  | Draconian growth]
  3534 | D:5      | Noticed Prince Ribbit
  3548 | D:5      | Killed Prince Ribbit
  3549 | D:5      | Reached skill level 5 in Axes
  3665 | D:5      | Reached XP level 8. HP: 67/67 MP: 8/8
  4323 | D:6      | Reached skill level 5 in Shapeshifting
  4335 | D:6      | Found a sacrificial altar of Ru.
  4402 | D:6      | Reached skill level 6 in Axes
  4411 | D:6      | Reached skill level 5 in Fighting
  4909 | D:7      | Noticed Duvessa
  4909 | D:7      | Noticed Dowan
  4923 | D:7      | Killed Dowan
  4924 | D:7      | Reached skill level 7 in Axes
  4924 | D:7      | HP: 3/69 [poisoned by Duvessa]
  4924 | D:7      | Mangled by Duvessa

Illustrated notes

Levels and vault maps discovered:
D:1:      heliophobic_arrival_enchanted_forest, layout_rooms
D:2:      layout_basic, minmay_randomly_rotated_circles
D:3:      layout_basic, demons_altar, serial_glass, glass_columns_b,
          glass_columns_a, glass_columns_c, glass_columns_a, glass_columns_b,
          glass_columns_a, glass_columns_c, glass_columns_b
D:4:      layout_rooms, uniq_menkaure
D:5:      cheibrodos_barr_body, layout_loops_cross,
          mainiacjoe_overflow_chevrons, serial_rivers,
          chequers_serial_rivers_large_b, chequers_serial_rivers_room_a,
          chequers_serial_rivers_micro_b, chequers_serial_rivers_micro_c,
          chequers_serial_rivers_large_a, uniq_prince_ribbit1
D:6:      layout_cave_pools, nicolae_ru_sacrificial_ziggurat
D:7:      layout_basic, amcnicky_altar_gilded, minmay_temple_entry_ruins,
          minmay_fire_ice_demons, uniq_duvessa

Skill      XL: |  1  2  3  4  5  6  7  8 |
---------------+-------------------------+-----
Dodging        | 2 3 4 |  4.9
Axes           | 2 3 4 5 7 |  7.0
Fighting       | 2 3 4 5 |  5.5
Shapeshifting  | 4 5 |  5.5
Unarmed Combat | |  3.3

Action                     |  1- 3 |  4- 6 |  7- 9 || total
---------------------------+-------+-------+-------++-------
  Melee: Unarmed           |    43 |       |       ||    43
         Tailslap          |    10 |     7 |    22 ||    39
         Broad axe         |    48 |    84 |    90 ||   222
         Punch             |     1 |       |       ||     1
Ability: Begin Untransform |       |     1 |       ||     1
    Use: Potion            |     2 |       |     1 ||     3
 Armour: Skin              |    50 |    49 |    66 ||   165
  Dodge: Dodged            |    45 |    71 |   113 ||   229
   Form: Beast             |       |     1 |       ||     1

Table legend: (Time is in decaauts)
 A = Elapsed time spent in this place.
 B = Non-inter-level travel time spent in this place.
 C = Inter-level travel time spent in this place.
 D = Time resting spent in this place.
 E = Time spent auto-exploring this place.
 F = Levels seen in this place.
 G = Mean time per level.
                   A        B        C        D        E       F      G
               +--------+--------+--------+--------+--------+-----+--------+
         Total |   5060 |   4725 |    335 |    599 |   3304 |   7 |  722.9 |
       Dungeon |   5060 |   4725 |    335 |    599 |   3304 |   7 |  722.9 |
               +--------+--------+--------+--------+--------+-----+--------+

Top non-repeatable levels by time:
     D:5: 1325 daAuts
     D:2: 974 daAuts
     D:3: 888 daAuts
     D:4: 716 daAuts
     D:6: 519 daAuts
     D:1: 490 daAuts
     D:7: 145 daAuts
